AoeStats
← CrappyMike87

Black Forest

509237551Analyzed
3v3 RM · 7d ago on Sep 26, 2026· 54m 3s· 6 players
Game mode
Random Map
Map size
Normal (6 player)
Population
200
Speed
Normal
Resources
Standard
Victory
Conquest
Starting age
Dark Age
Ending age
Imperial Age
RankedLock teamsTeams togetherTeam positionsShared explorationLock speedFull tech treeHidden civsTurbo modeCheats
Victory
Defeat
🇵🇪 Khmer · Peru
669
+7
🇵🇪 Vietnamese · Peru
543
+12
🇵🇪 Japanese · Peru
520
+12
🇺🇸 Saracens · United States
471
-11
🇺🇸 Spanish · United States
443
-10
🇺🇸 Celts · United States
436
-10
CrappyMike87
0:27 Loom
16:42 Feudal Age
23:31 Castle Age
23:06 Double-Bit Axe
23:24 Horse Collar
23:37 Stone Mining
23:38 Gold Mining
24:59 Wheelbarrow
26:26 Heavy Plow
26:39 Bow Saw
28:15 Gold Shaft Mining
31:58 Hand Cart
31:29 Town Watch
36:10 Scale Mail Armor
36:21 Forging
36:13 Padded Archer Armor
39:22 Imperial Age
38:02 Caravan
39:33 Elite Skirmisher
40:16 Squires
40:02 Gambesons
40:03 Arson
39:40 Pikeman
40:51 Conscription
43:08 Man-at-Arms
43:26 Onager
43:58 Long Swordsman
45:33 Iron Casting
45:14 Chain Mail Armor
45:15 Leather Archer Armor
44:51 Fletching
45:44 Counterweights
46:37 Two-Handed Swordsman
FredDaddy
0:45 Loom
19:37 Feudal Age
22:37 Wheelbarrow
21:51 Horse Collar
22:07 Gold Mining
22:13 Double-Bit Axe
30:02 Castle Age
31:26 Hand Cart
31:29 Caravan
33:50 Gold Shaft Mining
33:11 Stone Mining
33:35 Bow Saw
33:33 Heavy Plow
35:30 Pikeman
36:02 Gambesons
42:47 Imperial Age
48:15 Heavy Scorpion
49:32 Scale Barding Armor
50:56 Furor Celtica
52:04 Heated Shot
52:39 Ballistics
53:54 Hoardings
AgentVENM300
0:31 Loom
15:59 Feudal Age
18:10 Fishing Lines
19:09 Horse Collar
21:19 Double-Bit Axe
23:27 Wheelbarrow
23:14 Town Watch
23:44 Gold Mining
25:43 Stone Mining
31:09 Castle Age
32:18 Hand Cart
32:08 Heavy Plow
32:22 Bow Saw
33:19 Stone Shaft Mining
34:06 Town Patrol
34:15 Caravan
34:46 Coinage
33:49 Man-at-Arms
34:31 Long Swordsman
35:00 Arson
35:02 Gambesons
35:18 Pikeman
36:00 Squires
37:01 Scale Barding Armor
37:07 Forging
36:58 Scale Mail Armor
36:59 Padded Archer Armor
36:50 Fletching
43:13 Chain Barding Armor
43:29 Iron Casting
43:10 Chain Mail Armor
43:11 Leather Archer Armor
42:52 Bodkin Arrow
markex_22
16:18 Feudal Age
17:11 Double-Bit Axe
17:12 Horse Collar
17:25 Gold Mining
18:53 Wheelbarrow
23:21 Castle Age
25:13 Caravan
25:57 Crossbowman
26:42 Thumb Ring
27:32 Gold Shaft Mining
26:47 Stone Mining
27:01 Heavy Plow
27:15 Bow Saw
28:04 Murder Holes
28:20 Fortified Wall
30:11 Hand Cart
30:54 Masonry
30:41 Loom
36:44 Imperial Age
35:35 Forging
35:26 Scale Mail Armor
35:31 Scale Barding Armor
35:27 Padded Archer Armor
35:27 Fletching
35:48 Husbandry
35:35 Arson
35:51 Squires
41:22 Elite Samurai
42:06 Yasama
42:48 Iron Casting
42:30 Leather Archer Armor
42:44 Chain Barding Armor
42:39 Chain Mail Armor
42:56 Arbalester
43:29 Pikeman
46:42 Halberdier
Lisan al Gaib
1:31 Loom
13:32 Feudal Age
14:48 Wheelbarrow
14:40 Double-Bit Axe
14:47 Horse Collar
22:18 Castle Age
23:37 Hand Cart
23:26 Arson
23:42 Squires
23:02 Man-at-Arms
25:14 Bow Saw
25:07 Heavy Plow
25:02 Gold Mining
25:05 Stone Mining
29:32 Caravan
32:52 Thumb Ring
36:43 Imperial Age
35:15 Stone Shaft Mining
34:28 Long Swordsman
35:24 Forging
35:14 Scale Mail Armor
35:15 Padded Archer Armor
35:05 Fletching
35:08 Town Watch
36:32 Ballistics
35:53 Treadmill Crane
37:26 Town Patrol
37:02 Elite Rattan Archer
37:44 Two-Handed Swordsman
39:33 Chemistry
38:32 Bodkin Arrow
39:59 Champion
41:05 Paper Money
42:44 Iron Casting
42:24 Chain Mail Armor
42:25 Leather Archer Armor
42:11 Bracer
52:47 Ring Archer Armor
52:23 Scale Barding Armor
52:48 Plate Mail Armor
52:21 Elite Battle Elephant
53:02 Husbandry
53:13 Bloodlines
SeduN giordota.com
7:21 Loom
11:57 Feudal Age
16:30 Castle Age
15:37 Double-Bit Axe
16:00 Horse Collar
22:12 Gold Mining
23:48 Wheelbarrow
23:51 Heavy Plow
25:23 Bow Saw
25:18 Stone Mining
27:19 Caravan
29:43 Scale Barding Armor
29:52 Fortified Wall
30:28 Murder Holes
31:03 Ballistics
31:31 Gold Shaft Mining
31:33 Stone Shaft Mining
31:47 Hand Cart
36:12 Imperial Age
37:44 Crop Rotation
38:24 Chemistry
37:38 Siege Engineers
40:18 Elite Battle Elephant
41:26 Chain Barding Armor
42:06 Coinage
41:23 Heavy Scorpion
42:50 Double Crossbow
43:13 Conscription
42:14 Elite Ballista Elephant
43:38 Plate Barding Armor
43:19 Bloodlines
44:15 Husbandry
43:35 Light Cavalry
48:13 Heated Shot
49:20 Tusk Swords
Connection lost

Rejoining the realm…

Still unreachable

The connection could not be restored.

Session expired

The server has moved on; the page needs a fresh start.